TOP OF THE 1ST |
Buffalo Bisons batting - Pitching for Tacoma Rainiers : LHP Alex Villagran
|
Pitching: LHP Alex Villagran
|
|
Batting: RHB Pedro Nin
|
0-0: Ball 1-0: Ball 2-0: SINGLE (Groundball, 34D, EV 96.2 MPH)
|
Batting: RHB Alex Ramos
|
0-0: Ball 1-0: Ball 2-0: Called Strike 2-1: Ball 3-1: Called Strike 3-2: Foul Ball, location: 2F 3-2: 2-RUN HOME RUN (Flyball, 89XD, EV 111.9 MPH), Distance : 429 ft
|
Batting: RHB Danny Heyer
|
0-0: Ball 1-0: Foul Ball, location: 2F 1-1: Ball 2-1: Foul Ball, location: 2F 2-2: Ball 3-2: Foul Ball, location: 2F 3-2: Fly out, F7 (Flyball, 78S, EV 86.9 MPH)
|
Batting: RHB John Creel
|
0-0: Called Strike 0-1: Fly out, F8 (Flyball, 8RD, EV 100.0 MPH)
|
Batting: RHB Kai Stoyle
|
0-0: Ball 1-0: Called Strike 1-1: Foul Ball, location: 2F 1-2: Foul Ball, location: 2F 1-2: Fly out, F4 (Line Drive, 4, EV 75.6 MPH)
|
Top of the 1st over - 2 runs, 2 hits, 0 errors, 0 left on base; Buffalo 2 - Tacoma 0 |
BOTTOM OF THE 1ST |
Tacoma Rainiers batting - Pitching for Buffalo Bisons : LHP Angel Contreras
|
Pitching: LHP Angel Contreras
|
|
Batting: RHB Tatsunori Hayakawa
|
0-0: Called Strike 0-1: Ball 1-1: Fly out, F8 (Line Drive, 8RD, EV 88.1 MPH)
|
Batting: RHB David Aguilar
|
0-0: Foul Ball, location: 2F 0-1: Ball 1-1: Foul Ball, location: 2F 1-2: Ball 2-2: Strikes out swinging
|
Batting: RHB Eddie LaRose
|
0-0: Called Strike 0-1: Ball 1-1: Swinging Strike 1-2: Ball 2-2: Ball 3-2: Foul Ball, location: 2F 3-2: Foul Ball, location: 2F 3-2: SINGLE (Line Drive, 56D, EV 100.0 MPH)
|
Batting: RHB Ivan Colon
|
0-0: Ground out 6-3 (Groundball, 15, EV 85.6 MPH)
|
Bottom of the 1st over - 0 runs, 1 hit, 0 errors, 1 left on base; Buffalo 2 - Tacoma 0 |
TOP OF THE 2ND |
Buffalo Bisons batting - Pitching for Tacoma Rainiers : LHP Alex Villagran
|
Batting: LHB Cody Schumacher
|
0-0: Ball 1-0: Fly out, F7 (Flyball, 7D, EV 96.9 MPH)
|
Batting: LHB Sadamu Noguchi
|
0-0: Ball 1-0: Ball 2-0: Foul Ball, location: 2F 2-1: Ball 3-1: Foul Ball, location: 2F 3-2: Fly out, F8 (Flyball, 78M, EV 90.6 MPH)
|
Batting: RHB Kirk Seiffert
|
0-0: Ground out 4-3 (Groundball, 4, EV 101.9 MPH)
|
Top of the 2nd over - 0 runs, 0 hits, 0 errors, 0 left on base; Buffalo 2 - Tacoma 0 |
BOTTOM OF THE 2ND |
Tacoma Rainiers batting - Pitching for Buffalo Bisons : LHP Angel Contreras
|
Batting: LHB Cliff Thomas
|
0-0: Ball 1-0: Foul Ball, location: 2F 1-1: DOUBLE (Line Drive, 8LXD, EV 103.8 MPH)
|
Batting: RHB Sumiki Ryu
|
0-0: Ball 1-0: Called Strike 1-1: Ball 2-1: Swinging Strike 2-2: Strikes out swinging
|
Batting: RHB Kevin Chafe
|
0-0: Ground out 3-1 (Groundball, 34S, EV 80.0 MPH) Cliff Thomas to third
|
Batting: RHB Kumar Madugula
|
0-0: Ball 1-0: Swinging Strike 1-1: Swinging Strike 1-2: Strikes out swinging
|
Bottom of the 2nd over - 0 runs, 1 hit, 0 errors, 1 left on base; Buffalo 2 - Tacoma 0 |
TOP OF THE 3RD |
Buffalo Bisons batting - Pitching for Tacoma Rainiers : LHP Alex Villagran
|
Batting: LHB Tso-lin Fen
|
0-0: Ball 1-0: Called Strike 1-1: Foul Ball, location: 2F 1-2: Ground out 4-3 (Groundball, 4D, EV 88.1 MPH)
|
Batting: RHB Pedro Nin
|
0-0: Foul Ball, location: 2F 0-1: Hit by Pitch
|
Batting: RHB Alex Ramos
|
0-0: Ball 1-0: Ball 2-0: Called Strike 2-1: Fly out, F8 (Flyball, 78D, EV 76.2 MPH)
|
Batting: RHB Danny Heyer
|
0-0: Called Strike Pedro Nin steals 2nd base (no throw) 0-1: Ball 1-1: Ball 2-1: Called Strike 2-2: Foul Ball, location: 2F 2-2: Strikes out swinging
|
Top of the 3rd over - 0 runs, 0 hits, 0 errors, 1 left on base; Buffalo 2 - Tacoma 0 |
BOTTOM OF THE 3RD |
Tacoma Rainiers batting - Pitching for Buffalo Bisons : LHP Angel Contreras
|
Batting: RHB Matt Berkley
|
0-0: Ball 1-0: Ground out 5-3 (Groundball, 56, EV 87.5 MPH)
|
Batting: RHB Tatsunori Hayakawa
|
0-0: Called Strike 0-1: Swinging Strike 0-2: Ball 1-2: Foul Ball, location: 2F 1-2: Strikes out swinging
|
Batting: RHB David Aguilar
|
0-0: Ball 1-0: Ball 2-0: Called Strike 2-1: Ball 3-1: Base on Balls
|
Batting: RHB Eddie LaRose
|
0-0: Ball 1-0: Called Strike 1-1: Ball 2-1: Ball 3-1: SINGLE (Flyball, 8RS, EV 84.4 MPH) David Aguilar to second
|
Batting: RHB Ivan Colon
|
0-0: Ball 1-0: Called Strike 1-1: Ground out 1-3 (Groundball, 13S, EV 68.1 MPH)
|
Bottom of the 3rd over - 0 runs, 1 hit, 0 errors, 2 left on base; Buffalo 2 - Tacoma 0 |
TOP OF THE 4TH |
Buffalo Bisons batting - Pitching for Tacoma Rainiers : LHP Alex Villagran
|
Batting: RHB John Creel
|
0-0: Ball 1-0: Called Strike 1-1: Ball 2-1: Foul Ball, location: 2F 2-2: Ball 3-2: Foul Ball, location: 2F 3-2: Fly out, F7 (Flyball, 7, EV 82.5 MPH)
|
Batting: RHB Kai Stoyle
|
0-0: Called Strike 0-1: Fly out, F6 (Line Drive, 6, EV 68.1 MPH)
|
Batting: LHB Cody Schumacher
|
0-0: Called Strike 0-1: Foul Ball, location: 2F 0-2: Ball 1-2: Ball 2-2: Foul Ball, location: 2F 2-2: Foul Ball, location: 2F 2-2: Ground out U3 (Groundball, 3, EV 87.5 MPH)
|
Top of the 4th over - 0 runs, 0 hits, 0 errors, 0 left on base; Buffalo 2 - Tacoma 0 |
BOTTOM OF THE 4TH |
Tacoma Rainiers batting - Pitching for Buffalo Bisons : LHP Angel Contreras
|
Batting: LHB Cliff Thomas
|
0-0: Ball 1-0: Ball 2-0: Called Strike 2-1: Ball 3-1: Called Strike 3-2: Foul Ball, location: 2F 3-2: Fly out, F8 (Flyball, 8LXD, EV 101.9 MPH)
|
Batting: RHB Sumiki Ryu
|
0-0: Ground out 5-3 (Groundball, 56S, EV 90.6 MPH)
|
Batting: RHB Kevin Chafe
|
0-0: Foul Ball, location: 2F 0-1: Ball 1-1: Ground out 6-3 (Groundball, 6, EV 99.4 MPH)
|
Bottom of the 4th over - 0 runs, 0 hits, 0 errors, 0 left on base; Buffalo 2 - Tacoma 0 |
TOP OF THE 5TH |
Buffalo Bisons batting - Pitching for Tacoma Rainiers : LHP Alex Villagran
|
Batting: LHB Sadamu Noguchi
|
0-0: Ball 1-0: Ball 2-0: Ball 3-0: Called Strike 3-1: Fly out, F6 (Flyball, 56D, EV 83.1 MPH)
|
Batting: RHB Kirk Seiffert
|
0-0: Called Strike 0-1: Ball 1-1: Called Strike 1-2: Ball 2-2: SINGLE (Groundball, 25, EV 65.6 MPH) (infield hit)
|
Batting: LHB Tso-lin Fen
|
0-0: Called Strike 0-1: SINGLE (Line Drive, 9S, EV 98.8 MPH) Kirk Seiffert to second Runner from 2nd tries for 3rd, SAFE, throw by RF made to third
|
Batting: RHB Pedro Nin
|
0-0: Ball Wild Pitch! Kirk Seiffert scores Tso-lin Fen to second 1-0: Called Strike Tso-lin Fen steals 3rd base 1-1: Swinging Strike 1-2: Fly out, F8 (Flyball, 8RXD, EV 95.6 MPH) Runner from 3rd tags up, SCORES, no throw by CF
|
Batting: RHB Alex Ramos
|
0-0: Called Strike 0-1: Called Strike 0-2: Ball 1-2: Foul Ball, location: 2F 1-2: Strikes out looking
|
Top of the 5th over - 2 runs, 2 hits, 0 errors, 0 left on base; Buffalo 4 - Tacoma 0 |
BOTTOM OF THE 5TH |
Tacoma Rainiers batting - Pitching for Buffalo Bisons : LHP Angel Contreras
|
Batting: RHB Kumar Madugula
|
0-0: Ball 1-0: Ball 2-0: Fly out, F4 (Popup, 4S, EV 80.6 MPH)
|
Batting: RHB Matt Berkley
|
0-0: Ball 1-0: Ball 2-0: Ball 3-0: Called Strike 3-1: Called Strike 3-2: Strikes out swinging
|
Batting: RHB Tatsunori Hayakawa
|
0-0: Called Strike 0-1: Swinging Strike 0-2: Strikes out swinging
|
Bottom of the 5th over - 0 runs, 0 hits, 0 errors, 0 left on base; Buffalo 4 - Tacoma 0 |
TOP OF THE 6TH |
Buffalo Bisons batting - Pitching for Tacoma Rainiers : LHP Alex Villagran
|
Batting: RHB Danny Heyer
|
0-0: Called Strike 0-1: Ball 1-1: Ground out 6-3 (Groundball, 6, EV 85.0 MPH)
|
Batting: RHB John Creel
|
0-0: Called Strike 0-1: Ball 1-1: Foul Ball, location: 2F 1-2: Ball 2-2: Ground out 1-3 (Groundball, 25, EV 62.5 MPH)
|
Batting: RHB Kai Stoyle
|
0-0: Ball 1-0: Ball 2-0: Foul Ball, location: 2F 2-1: Ball 3-1: Base on Balls
|
Pitching: RHP Amine Laurent
|
|
Batting: LHB Cody Schumacher
|
0-0: Called Strike 0-1: Ball 1-1: SINGLE (Groundball, 34D, EV 103.1 MPH) Kai Stoyle to second Runner from 2nd tries for 3rd, SAFE, throw by RF made at trailing runner, OUT! 9-6
|
Top of the 6th over - 0 runs, 1 hit, 0 errors, 1 left on base; Buffalo 4 - Tacoma 0 |
BOTTOM OF THE 6TH |
Tacoma Rainiers batting - Pitching for Buffalo Bisons : LHP Angel Contreras
|
Batting: RHB David Aguilar
|
0-0: Ground out 5-3 (Groundball, 56, EV 106.9 MPH)
|
Batting: RHB Eddie LaRose
|
0-0: Ball 1-0: Called Strike 1-1: Foul Ball, location: 2F 1-2: Foul Ball, location: 2F 1-2: Foul Ball, location: 2F 1-2: Foul Ball, location: 2F 1-2: Ball 2-2: Ball 3-2: Ground out 5-3 (Groundball, 5, EV 101.9 MPH)
|
Batting: RHB Ivan Colon
|
0-0: Foul Ball, location: 2F 0-1: Ball 1-1: Ball 2-1: Ball 3-1: Called Strike 3-2: Ground out 6-3 (Groundball, 6, EV 86.2 MPH)
|
Bottom of the 6th over - 0 runs, 0 hits, 0 errors, 0 left on base; Buffalo 4 - Tacoma 0 |
TOP OF THE 7TH |
Buffalo Bisons batting - Pitching for Tacoma Rainiers : RHP Amine Laurent
|
Batting: LHB Sadamu Noguchi
|
0-0: Swinging Strike 0-1: Ball 1-1: Ball 2-1: Ground out 5-3 (Groundball, 5, EV 86.2 MPH)
|
Batting: RHB Kirk Seiffert
|
0-0: Foul Ball, location: 2F 0-1: Foul Ball, location: 2F 0-2: Ball 1-2: Ball 2-2: Ground out 6-3 (Groundball, 6MS, EV 76.9 MPH)
|
Batting: LHB Tso-lin Fen
|
0-0: Called Strike 0-1: Ground out 3-1 (Groundball, 34, EV 105.0 MPH)
|
Top of the 7th over - 0 runs, 0 hits, 0 errors, 0 left on base; Buffalo 4 - Tacoma 0 |
BOTTOM OF THE 7TH |
Tacoma Rainiers batting - Pitching for Buffalo Bisons : LHP Angel Contreras
|
Now in LF: Timo Gomez
|
|
Batting: LHB Cliff Thomas
|
0-0: Foul Ball, location: 2F 0-1: Called Strike 0-2: Strikes out swinging
|
Batting: RHB Sumiki Ryu
|
0-0: Ball 1-0: Called Strike 1-1: Fly out, F8 (Flyball, 78D, EV 84.4 MPH)
|
Batting: RHB Kevin Chafe
|
0-0: Called Strike 0-1: Foul Ball, location: 2F 0-2: Fly out, F5 (Line Drive, 5, EV 70.6 MPH)
|
Bottom of the 7th over - 0 runs, 0 hits, 0 errors, 0 left on base; Buffalo 4 - Tacoma 0 |
TOP OF THE 8TH |
Buffalo Bisons batting - Pitching for Tacoma Rainiers : RHP Amine Laurent
|
Pitching: RHP Settan Suzuki
|
|
Batting: RHB Pedro Nin
|
0-0: Ball 1-0: Called Strike 1-1: Called Strike 1-2: Foul Ball, location: 2F 1-2: Ball 2-2: Strikes out swinging
|
Batting: RHB Alex Ramos
|
0-0: Called Strike 0-1: Foul Ball, location: 2F 0-2: Foul Ball, location: 2F 0-2: Foul Ball, location: 2F 0-2: Foul Ball, location: 2F 0-2: Ball 1-2: Strikes out swinging
|
Batting: RHB Danny Heyer
|
0-0: Ball 1-0: Ball 2-0: Called Strike 2-1: Ball 3-1: Foul Ball, location: 2F 3-2: Foul Ball, location: 2F 3-2: Strikes out swinging
|
Top of the 8th over - 0 runs, 0 hits, 0 errors, 0 left on base; Buffalo 4 - Tacoma 0 |
BOTTOM OF THE 8TH |
Tacoma Rainiers batting - Pitching for Buffalo Bisons : LHP Angel Contreras
|
Batting: RHB Kumar Madugula
|
0-0: Ball 1-0: Called Strike 1-1: Called Strike 1-2: SINGLE (Groundball, 6MS, EV 66.9 MPH) (infield hit)
|
Batting: RHB Matt Berkley
|
0-0: Swinging Strike 0-1: Called Strike 0-2: Ball 1-2: Ball 2-2: Strikes out swinging
|
Batting: RHB Tatsunori Hayakawa
|
0-0: Ball 1-0: Grounds into double play, 4-6-3 (Groundball, 4, EV 85.6 MPH)
|
Bottom of the 8th over - 0 runs, 1 hit, 0 errors, 0 left on base; Buffalo 4 - Tacoma 0 |
TOP OF THE 9TH |
Buffalo Bisons batting - Pitching for Tacoma Rainiers : RHP Settan Suzuki
|
Pitching: RHP Dave McGee
|
|
Batting: RHB John Creel
|
0-0: Foul Ball, location: 2F 0-1: Ball 1-1: Ball 2-1: Foul Ball, location: 2F 2-2: Ball 3-2: Ground out U3 (Groundball, 3S, EV 66.2 MPH)
|
Batting: RHB Kai Stoyle
|
0-0: Called Strike 0-1: Ground out 5-3 (Groundball, 5S, EV 88.1 MPH)
|
Batting: LHB Cody Schumacher
|
0-0: Called Strike 0-1: Ball 1-1: Ball 2-1: Foul Ball, location: 2F 2-2: SINGLE (Groundball, 56D, EV 110.0 MPH)
|
Batting: LHB Sadamu Noguchi
|
0-0: Ball 1-0: Ball 2-0: Called Strike 2-1: Swinging Strike 2-2: DOUBLE (Flyball, 78D, EV 113.8 MPH) Cody Schumacher to third Cody Schumacher scores
|
Batting: RHB Kirk Seiffert
|
0-0: Ground out 5-3 (Groundball, 25, EV 90.0 MPH)
|
Top of the 9th over - 1 run, 2 hits, 0 errors, 1 left on base; Buffalo 5 - Tacoma 0 |
BOTTOM OF THE 9TH |
Tacoma Rainiers batting - Pitching for Buffalo Bisons : LHP Angel Contreras
|
Batting: RHB David Aguilar
|
0-0: Called Strike 0-1: Ball 1-1: Ball 2-1: Ground out 4-3 (Groundball, 4M, EV 102.5 MPH)
|
Batting: RHB Eddie LaRose
|
0-0: Ball 1-0: Ball 2-0: Called Strike 2-1: Ball 3-1: Swinging Strike 3-2: Fly out, F3 (Popup, 3, EV 60.0 MPH)
|
Batting: RHB Ivan Colon
|
0-0: Called Strike 0-1: Ball 1-1: Ball 2-1: Ground out 6-3 (Groundball, 6, EV 103.1 MPH)
|
Bottom of the 9th over - 0 runs, 0 hits, 0 errors, 0 left on base; Buffalo 5 - Tacoma 0 |
|